 Dungeon Crawl Stone Soup version 0.23.0 (webtiles) character file.

Game seed: 7885445034616826962

191310 Lavandula the Fighter (level 18, -8/117 HPs)
             Began as a Gargoyle Gladiator on Feb 12, 2019.
             Was an Initiate of Gozag.
             Mangled by a two-headed ogre
             ... wielding a +0 giant spiked club
             ... led by an ironheart preserver
              (14 damage)
             ... on level 2 of the Vaults.
             The game lasted 01:48:04 (30408 turns).

Lavandula the Fighter (Gargoyle Gladiator)         Turns: 30408, Time: 01:48:05

Health: -8/117     AC: 31    Str: 22    XL:     18   Next: 19%
Magic:  30/30      EV: 17    Int: 16    God:    Gozag
Gold:   1331       SH:  5    Dex:  9    Spells: 6/34 levels left

rFire    . . .     SeeInvis +   r - +9 quarterstaff (chaos)
rCold    . . .     Gourm    .   (shield currently unavailable)
rNeg     + . .     Faith    .   J - +2 robe {MR+}
rPois    ∞         Spirit   .   (no helmet)
rElec    +         Reflect  +   u - +2 cloak {+Inv}
rCorr    .         Harm     .   O - +2 pair of gloves {Str+3}
MR       ++...                  a - +2 pair of boots
Stlth    +.........             U - +5 amulet of reflection
HPRegen  0.69/turn              y - ring of see invisible
MPRegen  0.22/turn              P - ring of wizardry

@: no potions, flying
A: big wings, yellow scales 1, clumsy 1, negative energy resistance 1,
regeneration 1, screaming 1, electricity resistance, unbreathing, petrification
resistance, no potion heal 1, rot immunity, inability to drink while threatened,
inability to use devices, inexperienced 1, sturdy frame 1, AC +13
}: 1/15 runes: decaying
a: Stop Flying, Potion Petition, Call Merchant, Bribe Branch, Renounce Religion


You were on level 2 of the Vaults.
You worshipped Gozag.
Gozag was most pleased with you.
You were not hungry.

You visited 7 branches of the dungeon, and saw 30 of its levels.
You visited the Abyss 1 time.
You also visited: Ice Cave.

You collected 7377 gold pieces.
You spent 3478 gold pieces at shops.
You paid 2568 gold pieces to Gozag.

Inventory:

Hand Weapons
 r - a +9 quarterstaff of chaos (weapon)
 s - a +6 great mace of holy wrath
 T - a +0 quarterstaff of freezing
Missiles
 d - a throwing net
 x - 4 javelins of returning
 D - 4 tomahawks of returning (quivered)
Armour
 a - a +2 pair of boots (worn)
 b - the +2 ring mail "Joacoruamm" {rN+}
   (You found it on level 4 of the Swamp)

   It protects you from negative energy.
 c - a +2 helmet
 u - a +2 cloak of invisibility (worn)
 G - a +2 shield
 J - a +2 robe of magic resistance (worn)
 K - the +6 chain mail of the Shining Light {Str+3}
   (You found it on level 6 of the Lair of Beasts)

   It affects your strength (+3).
 O - a +2 pair of gloves of strength (worn)
 W - the +5 ring mail "Ybazepuq" {Str+2}
   (You found it on level 14 of the Dungeon)

   It affects your strength (+2).
 Y - a +2 robe of cold resistance
Jewellery
 h - an uncursed ring of positive energy
 j - an uncursed ring of ice
 y - a ring of see invisible (left hand)
 A - an uncursed ring of resist corrosion
 C - an uncursed ring of protection from cold
 P - a ring of wizardry (right hand)
 R - an uncursed ring of ice
 U - a +5 amulet of reflection (around neck)
Scrolls
 i - 20 scrolls of remove curse
 k - 9 scrolls of amnesia
 l - 8 scrolls of magic mapping
 o - a scroll of teleportation
 q - a scroll of acquirement {unknown}
 t - 3 scrolls of identify
 z - a scroll of holy word
 B - 5 scrolls of blinking
 E - a scroll of enchant weapon
 M - 4 scrolls of fear
 N - a scroll of fog
 S - a scroll of silence
 V - a scroll of immolation
 X - 2 scrolls of enchant armour
 Z - a scroll of vulnerability {unknown}
Potions
 e - 5 potions of agility
 g - 5 potions of invisibility
 m - 3 potions of curing
 n - 2 potions of magic
 p - a potion of berserk rage
 v - 2 potions of haste
 w - a potion of resistance
 F - a potion of cancellation {unknown}
 H - 5 potions of heal wounds
 I - 7 potions of brilliance
 L - 3 potions of might
 Q - 2 potions of lignification
Comestibles
 f - 22 rations


   Skills:
 - Level 14.5 Fighting
 - Level 14.0 Staves
 - Level 1.7 Throwing
 - Level 10.9 Armour
 - Level 10.6 Dodging
 - Level 8.9 Spellcasting
 - Level 12.7 Summonings
 - Level 7.2 Translocations
 - Level 6.1 Air Magic
 + Level 13.1 Earth Magic


You had 6 spell levels left.
You knew the following spells:

 Your Spells              Type           Power        Failure   Level  Hunger
a - Summon Lightning Spi  Summ/Air       #####...     1%          4    ###....
b - Lee's Rapid Deconstr  Erth           #####.....   1%          5    #####..
c - Stone Arrow           Conj/Erth      ####..       1%          3    #......
d - Summon Butterflies    Summ           #####...     1%          1    None
e - Blink                 Tloc           N/A          1%          2    None
f - Shroud of Golubria    Chrm/Tloc      ###.......   1%          2    None
g - Passage of Golubria   Tloc           N/A          2%          4    ###....
h - Summon Hydra          Summ           #####.....   17%         7    #######

Your spell library contained the following spells:

 Spells                   Type           Power        Failure   Level  Hunger
 Shock                    Conj/Air       ###.         1%          1    None
 Summon Small Mammal      Summ           ####         1%          1    None
 Call Imp                 Summ           #####...     1%          2    None
 Passwall                 Tmut/Erth      ####....     1%          2    None
 Swiftness                Chrm/Air       ###.....     1%          2    None
 Call Canine Familiar     Summ           #####...     1%          3    #......
 Gell's Gravitas          Tloc           ####......   1%          3    #......
 Lesser Beckoning         Tloc           ####......   1%          3    #......
 Summon Guardian Golem    Hex/Summ       ####....     1%          3    #......
 Teleport Other           Tloc           ####....     1%          3    #......
 Aura of Abjuration       Summ           #####.....   1%          5    #####..
 Static Discharge         Conj/Air       ###.....     3%          3    #......
 Airstrike                Air            ####......   3%          4    ###....
 Summon Ice Beast         Ice/Summ       ####....     3%          4    ###....
 Flame Tongue             Conj/Fire      #....        4%          1    None
 Throw Flame              Conj/Fire      #.....       6%          2    None
 Summon Mana Viper        Hex/Summ       ####....     9%          5    #####..
 Conjure Flame            Conj/Fire      #.......     12%         3    #......
 Inner Flame              Hex/Fire       #.......     12%         3    #......
 Lightning Bolt           Conj/Air       ###.......   32%         5    #####..
 Sticky Flame             Conj/Fire      #.......     38%         4    ###....
 Fireball                 Conj/Fire      #.........   71%         5    #####..


Dungeon Overview and Level Annotations

Branches:
Dungeon (14/15)            Temple (1/1) D:4            Lair (6/6) D:11
  Swamp (4/4) Lair:4       Spider (1/4) Lair:4        Slime (0/5) Lair:5
    Orc (2/2) D:9             Elf (0/3) Orc:2        Vaults (2/5) D:13
  Crypt (0/3) Vaults:2

Altars:
Ashenzari
Cheibriados
Dithmenos
Elyvilon
Fedhas
Gozag
Hepliaklqana
Kikubaaqudgha
Makhleb
Nemelex Xobeh
Okawaru
Qazlal
Ru
Sif Muna
Trog
Uskayaw
Vehumet
Wu Jian
Xom
Yredelemnul
Zin
The Shining One

Shops:
D:5 ?   D:7 =   D:10 [   D:11 ?   Orc:2 ::*[(   Swamp:2 *   Vaults:1 [%*=(

Portals:
Trove: D:11 (give +2 shadow dragon scales)


Innate Abilities, Weirdness & Mutations

You are resistant to torment.
Your stone body is resilient. (AC +13)
You are immune to poison.
Your large and strong wings let you fly indefinitely.
You resist negative energy. (rN+)
You are resistant to electric shocks. (rElec)
You can survive without breathing.
You are immune to petrification.
Potions are less effective at restoring your health.
You are immune to rotting.
You cannot drink potions while threatened.
You cannot study or use magical devices.
You are somewhat inexperienced. (-2 XL)
You are partially covered in yellow scales. (AC +2)
You are clumsy. (Dex -2)
Your natural rate of healing is unusually fast.
You occasionally shout uncontrollably at your foes.
Your movements are slightly less encumbered by armour. (ER -2)


Message History

You feel threatened and lose the ability to drink potions!
The two-headed ogre misses you.
Unknown command.
The vault sentinel blows a loud note on a signal horn!
The two-headed ogre hits you with a cursed -3 giant spiked club!
You block the two-headed ogre's attack. The ettin hits you but does no damage.
The ettin closely misses you.
Unknown command.
You block the two-headed ogre's attack.
The two-headed ogre hits you but does no damage.
The ironbrand convoker points at the two-headed ogre and mumbles some strange words.
The two-headed ogre seems to grow stronger.
The two-headed ogre closely misses you. You block the two-headed ogre's attack.
The two-headed ogre hits you but does no damage.
The two-headed ogre hits you with a +0 giant club!!
The two-headed ogre hits you with a +0 giant spiked club!!
* * * LOW HITPOINT WARNING * * *
The two-headed ogre hits you with a +0 giant club!
You die...
Your body crumbles into a pile of gold.

............######## .
............#......##.
............#......'..
............'......# $
............#......#
.#.#..#.#.#.#......#
.#.#..#.#.#.#......#
##+##########......#
......# #####@#####
...<.^# #....OOp..#
..oo..# #....Cp...#
......# #.........#
......# #.........#
......# #.........#
##'#### #.........#
#..# #'#'####### #..#
^....


You could see an ettin, 2 two-headed ogres, a vault sentinel and an ironbrand
convoker.

Vanquished Creatures
  A sphinx (Vaults:1)
  Frances (Swamp:1)
  Kirke (D:13)
  2 thorn hunters (Swamp:2)
  A storm dragon (Orc:2)
  3 vault wardens
  4 ironheart preservers
  A stone giant (Vaults:2)
  An entropy weaver (shapeshifter) (D:13)
  A great orb of eyes (Vaults:1)
  2 yaktaur captains (Vaults:1)
  4 vault guards
  4 rakshasas
  Fannar (Orc:1)
  A shambling mangrove (Swamp:3)
  Erica (D:8)
  3 centaur warriors
  An anaconda (shapeshifter) (Vaults:1)
  A deep troll shaman (Vaults:2)
  11 two-headed ogres
  17 hydras
  9 alligators
  5 death yaks (Lair:4)
  3 orc high priests (Orc:2)
  A tengu warrior (D:13)
  Urug (D:11)
  2 ogre magi
  2 deep elf knights (Vaults:1)
  A fire crab (shapeshifter) (Vaults:2)
  A shadow wraith (Vaults:2)
  An unseen horror (shapeshifter) (D:13)
  9 skeletal warriors
  An unseen horror (Vaults:1)
  5 deep trolls
  A flayed ghost (Vaults:2)
  2 spriggan druids (Swamp:4)
  A wizard (Vaults:1)
  A harpy (Vaults:1)
  8 swamp dragons
  7 ironbrand convokers
  2 harpies (shapeshifter)
  5 ugly things
  6 orc knights
  A deep elf mage (D:14)
  An orb spider (Lair:5)
  Pikel (D:8)
  A necromancer (Vaults:1)
  An orc sorcerer (Orc:2)
  5 wolf spiders
  4 cyclopes
  3 manticores
  An elephant (Lair:5)
  3 vault sentinels
  4 black mambas
  A gargoyle (D:11)
  A torpor snail (shapeshifter) (Lair:6)
  Psyche (D:8)
  2 ice statues (IceCv)
  16 spiny frogs
  11 yaktaurs
  2 rime drakes (Lair:6)
  2 tengu conjurers (D:13)
  A yaktaur skeleton (Vaults:1)
  6 komodo dragons
  2 jumping spiders (Lair:4)
  7 tyrant leeches
  3 polar bears
  A queen bee (shapeshifter) (D:14)
  Grinder (D:3)
  4 trolls
  18 hornets
  8 hippogriffs
  30 slime creatures
  14 bog bodies
  A sphinx simulacrum (Vaults:2)
  A blink frog (shapeshifter) (D:10)
  Prince Ribbit (D:9)
  24 blink frogs
  5 dream sheep
  A raiju (shapeshifter) (Vaults:2)
  A vampire (D:13)
  3 tarantellas
  20 spriggans
  Sigmund (D:3)
  A fire dragon skeleton (Vaults:1)
  A spriggan (shapeshifter) (Vaults:1)
  A tarantella (shapeshifter) (Swamp:3)
  3 shadows
  2 wraiths
  2 redbacks (Lair:4)
  56 yaks
  A wyvern (Lair:3)
  A hungry ghost (D:11)
  3 basilisks
  16 vampire mosquitoes
  2 human simulacra
  14 swamp worms
  A steam dragon (Lair:3)
  3 insubstantial wisps (Swamp:3)
  An acid dragon (D:12)
  A soldier ant (D:13)
  9 water moccasins
  11 swamp drakes
  A deep troll skeleton (Vaults:1)
  4 porcupines
  10 ice beasts
  21 orc warriors
  3 slaves (D:8)
  7 sky beasts
  2 black bears (Lair:6)
  2 necrophages
  3 phantoms
  7 ogres
  9 boggarts
  10 centaurs
  22 wolves
  9 crocodiles
  14 bullfrogs
  A gnoll sergeant (Orc:1)
  2 wyvern zombies
  A human skeleton (Vaults:1)
  3 wyvern skeletons (D:10)
  A water moccasin skeleton (D:4)
  2 scorpions
  6 killer bees (D:11)
  6 wights
  6 howler monkeys
  2 electric eels (Lair:4)
  9 crimson imps
  A centaur zombie (D:3)
  5 jellies
  2 quasits
  9 hounds
  21 orc priests
  Crazy Yiuf (D:3)
  A bullfrog skeleton (D:6)
  3 centaur skeletons
  3 iguanas
  Ijyb (D:2)
  24 orc wizards
  5 worker ants
  A hound zombie (D:10)
  18 gnolls
  9 adders
  2 shadow imps
  6 oozes
  An adder skeleton (D:5)
  A worm (D:3)
  A dart slug (D:3)
  2 leopard geckos
  64 orcs
  5 bats
  8 giant cockroaches
  A goblin (D:1)
  6 hobgoblins
  16 jackals
  6 quokkas
  3 ball pythons
  6 frilled lizards
  6 kobolds
  A leopard gecko zombie (D:7)
  7 rats
  10 fungi
  15 plants
913 creatures vanquished.

Vanquished Creatures (collateral kills)
  the Lernaean hydra (Swamp:4)
  Rupert (Lair:5)
  An ironheart preserver (Vaults:2)
  2 vault wardens (Vaults:1)
  2 very ugly things (Vaults:1)
  2 hydras
  2 ice dragons
  A rakshasa (Vaults:2)
  A death knight (Vaults:1)
  A shambling mangrove (Swamp:2)
  A shadow wraith (Vaults:2)
  A deep troll (Vaults:2)
  A harpy (Vaults:1)
  An orc knight (Orc:2)
  3 orc sorcerers (Orc:2)
  An ugly thing (Vaults:1)
  A cyclops (Vaults:2)
  2 vault sentinels
  An elephant (Lair:5)
  A torpor snail (Lair:5)
  5 yaktaurs
  A komodo dragon (Lair:5)
  2 hornets
  A hippogriff (D:8)
  A slime creature (Swamp:2)
  A black bear (Lair:6)
  6 orc warriors (Orc:2)
  2 ogres (Vaults:2)
  A gnoll sergeant (D:6)
  2 scorpions (D:8)
  A human simulacrum (Vaults:1)
  A bullfrog zombie (D:13)
  A hound (D:8)
  5 orc priests
  An orc wizard (Orc:2)
  11 orcs
  2 jackals (D:6)
71 creatures vanquished.

Vanquished Creatures (others)
  A hydra (Lair:6)
  A skeletal warrior (D:10)
  A bog body (Lair:4)
  2 spriggans
  A hog (D:13)
  A yak (Lair:2)
  2 humans (D:13)
  A porcupine (Lair:3)
  2 bullfrogs
  A slave (D:8)
  A wyvern zombie (D:8)
  A hound (D:13)
  An orc priest (Orc:2)
  An orc (D:8)
  A bush (Swamp:4)
  17 fungi
  11 plants
46 creatures vanquished.

Grand Total: 1030 creatures vanquished

Notes
Turn   | Place    | Note
-------+----------+-------------------------------------------
     0 | D:1      | Lavandula the Gargoyle Gladiator began the quest for the
                  | Orb.
     0 | D:1      | Reached XP level 1. HP: 12/12 MP: 1/1
    48 | D:1      | Reached XP level 2. HP: 15/17 MP: 2/2
   622 | D:2      | Reached XP level 3. HP: 15/21 MP: 3/3
   755 | D:2      | Found a sparkling altar of Nemelex Xobeh.
   887 | D:2      | Reached XP level 4. HP: 7/26 MP: 4/4
  1208 | D:3      | Noticed Grinder
  1221 | D:2      | Reached skill level 5 in Staves
  1316 | D:3      | Noticed Ijyb
  1341 | D:2      | Killed Ijyb
  1401 | D:3      | Reached XP level 5. HP: 27/30 MP: 5/5
  1423 | D:3      | Paralysed by Grinder for 6 turns
  1456 | D:3      | Paralysed by Grinder for 2 turns
  1478 | D:3      | Paralysed by Grinder for 6 turns
  1489 | D:3      | Killed Grinder
  1489 | D:3      | Reached XP level 6. HP: 15/35 MP: 6/6
  1737 | D:3      | Reached XP level 7. HP: 34/40 MP: 7/7
  1970 | D:3      | Found a runed translucent door.
  1971 | D:3      | Noticed Crazy Yiuf
  2011 | D:3      | Found an opulent altar of Gozag.
  2058 | D:3      | Killed Crazy Yiuf
  2296 | D:3      | Noticed Sigmund
  2312 | D:3      | Killed Sigmund
  2411 | D:5      | Entered Level 5 of the Dungeon
  2673 | D:4      | Found a staircase to the Ecumenical Temple.
  2738 | Temple   | Entered the Ecumenical Temple
  2778 | Temple   | Became a worshipper of Ru the Awakened
  2895 | D:4      | Reached XP level 8. HP: 39/44 MP: 8/8
  3124 | D:4      | Found an ancient bone altar of Kikubaaqudgha.
  3510 | D:6      | Reached skill level 10 in Staves
  3593 | D:5      | Found Duehah's Magic Scroll Emporium.
  3607 | D:5      | Bought a scroll of teleportation for 42 gold pieces
  3607 | D:5      | Bought a scroll of blinking for 105 gold pieces
  3607 | D:5      | Bought a scroll of enchant weapon for 105 gold pieces
  3607 | D:5      | Bought a scroll of enchant armour for 105 gold pieces
  4482 | D:7      | Found Deyniamm's Jewellery Emporium.
  4532 | D:6      | Gained mutation: Armour fits poorly on your strangely
                  | shaped body. [potion of mutation]
  4532 | D:6      | Gained mutation: You have large cloven feet. [potion of
                  | mutation]
  4532 | D:6      | Gained mutation: You are partially covered in yellow
                  | scales. (AC +2) [potion of mutation]
  4581 | D:6      | Gained mutation: You are somewhat inexperienced. (-2 XL)
                  | [Ru sacrifice]
  4581 | D:6      | Reached XP level 7. HP: 39/40 MP: 7/7
  4581 | D:6      | Reached XP level 6. HP: 35/35 MP: 6/6
  4581 | D:6      | Reached * piety under Ru
  4581 | D:6      | Reached ** piety under Ru
  4597 | D:6      | Reached XP level 7. HP: 40/40 MP: 7/7
  5249 | D:7      | Reached XP level 8. HP: 44/44 MP: 8/8
  5482 | D:8      | Noticed a hippogriff
  5504 | D:8      | Noticed Psyche
  5524 | D:8      | Killed Psyche
  5538 | D:8      | Killed a hippogriff
  5538 | D:8      | Reached skill level 5 in Dodging
  5538 | D:8      | Reached XP level 9. HP: 35/48 MP: 9/9
  5539 | D:8      | Noticed Pikel
  5555 | D:8      | Killed Pikel
  5780 | D:8      | Noticed Erica
  5797 | D:8      | Killed Erica
  5806 | D:8      | Found a stormy altar of Qazlal.
  6174 | D:9      | Found a staircase to the Orcish Mines.
  6227 | D:9      | Reached XP level 10. HP: 53/53 MP: 12/12
  6268 | D:9      | Noticed a two-headed ogre
  6289 | D:9      | Killed a two-headed ogre
  6291 | D:9      | Gained mutation: You cannot study or use magical devices.
                  | [Ru sacrifice]
  6291 | D:9      | Reached *** piety under Ru
  6291 | D:9      | Reached **** piety under Ru
  6515 | D:9      | Noticed Prince Ribbit
  6521 | D:9      | Killed Prince Ribbit
  6529 | D:10     | Entered Level 10 of the Dungeon
  6695 | D:9      | Noticed a two-headed ogre
  6712 | D:9      | Killed a two-headed ogre
  6726 | D:9      | Found a blossoming altar of Fedhas.
  7466 | D:11     | Found Syokor Gusi's Magic Scroll Emporium.
  7474 | D:11     | Bought a scroll of fear for 49 gold pieces
  7474 | D:11     | Bought a scroll of fog for 28 gold pieces
  7474 | D:11     | Bought a scroll of amnesia for 49 gold pieces
  7476 | D:11     | Found a staircase to the Lair.
  7503 | Lair:1   | Entered Level 1 of the Lair of Beasts
  7537 | Lair:1   | Gained mutation: You cannot drink potions while threatened.
                  | [Ru sacrifice]
  7537 | Lair:1   | Reached ***** piety under Ru
  7584 | Lair:1   | Noticed a spiny frog
  7587 | Lair:1   | Noticed a spiny frog
  7588 | Lair:1   | Killed a spiny frog
  7588 | Lair:1   | Reached skill level 5 in Fighting
  7588 | Lair:1   | Reached XP level 11. HP: 62/64 MP: 11/11
  8189 | Lair:3   | Learned a level 4 spell: Summon Lightning Spire
  8258 | Lair:3   | Reached skill level 1 in Summonings
  8270 | Lair:3   | Noticed a five-headed hydra
  8309 | Lair:3   | Killed a five-headed hydra
  8309 | Lair:3   | Reached skill level 5 in Summonings
  8745 | Lair:4   | Noticed a death yak
  8745 | Lair:4   | Noticed a death yak
  8745 | Lair:4   | Noticed a death yak
  8746 | Lair:4   | Noticed a death yak
  8748 | Lair:4   | Noticed a death yak
  8756 | Lair:4   | Killed a death yak
  8756 | Lair:4   | Killed a death yak
  8756 | Lair:4   | Killed a death yak
  8756 | Lair:4   | Reached skill level 10 in Summonings
  8756 | Lair:4   | Reached XP level 12. HP: 65/70 MP: 12/12
  8759 | Lair:4   | Killed a death yak
  8764 | Lair:4   | Killed a death yak
  8765 | Lair:4   | Gained mutation: Potions are less effective at restoring
                  | your health. [Ru sacrifice]
  8765 | Lair:4   | Reached ****** piety under Ru
  8801 | Lair:4   | Noticed a six-headed hydra
  8836 | Lair:4   | Killed a six-headed hydra
  9050 | Lair:4   | Found a hole to the Spider Nest.
  9163 | Lair:4   | Reached skill level 1 in Air Magic
  9388 | Lair:4   | Found a staircase to the Swamp.
  9633 | Lair:5   | Reached skill level 5 in Air Magic
  9643 | Lair:5   | Found a staircase to the Slime Pits.
  9727 | Lair:5   | Reached XP level 13. HP: 72/74 MP: 13/13
  9771 | Lair:5   | Reached skill level 1 in Spellcasting
  9914 | Lair:5   | Noticed Rupert
  9914 | Lair:5   | Paralysed by Rupert for 6 turns
  9969 | Lair:5   | Killed Rupert
  9979 | Lair:5   | Reached skill level 5 in Spellcasting
 10241 | Lair:6   | Entered Level 6 of the Lair of Beasts
 10262 | Lair:6   | Found a frozen archway.
 10269 | IceCv    | Entered an ice cave
 10311 | IceCv    | Found a transporter.
 10490 | IceCv    | Found a transporter.
 10508 | IceCv    | Got an encrusted dagger
 11542 | Lair:6   | Gained mutation: Your large and strong wings let you fly
                  | indefinitely. [Gargoyle growth]
 11542 | Lair:6   | Reached XP level 14. HP: 31/84 MP: 26/26
 11802 | Lair:6   | Reached skill level 10 in Fighting
 11810 | Lair:6   | Got a fine chain mail
 11811 | Lair:6   | Identified the Catalogue of the Ashen Entourage
 11825 | Lair:6   | Identified the +6 chain mail of the Shining Light {Str+3}
                  | (You found it on level 6 of the Lair of Beasts)
 12365 | Lair:2   | Learned a level 5 spell: Lee's Rapid Deconstruction
 13042 | D:11     | Found a portal to a secret trove of treasure.
 13444 | Temple   | Fell from the grace of Ru
 13444 | Temple   | Became a worshipper of Gozag Ym Sagoz the Greedy
 14020 | D:11     | Identified the +9 dagger "Huac" {pierce, *Drain rElec rPois
                  | rN+}
 14404 | D:11     | Noticed Urug
 16016 | D:10     | Bought a pair of runed gloves for 285 gold pieces
 16368 | D:11     | Killed Urug
 17122 | D:13     | Reached skill level 10 in Dodging
 17122 | D:13     | Reached XP level 15. HP: 83/96 MP: 27/27
 17332 | D:13     | Noticed an emperor scorpion
 17332 | D:13     | a dire elephant changed into an emperor scorpion
 17333 | D:13     | Found a gate to the Vaults.
 17333 | D:13     | an emperor scorpion changed into a queen ant
 17971 | D:14     | Got a spiked ring mail
 17996 | D:14     | Identified the +5 ring mail "Ybazepuq" {Str+2} (You found
                  | it on level 14 of the Dungeon)
 18047 | D:14     | Reached skill level 1 in Earth Magic
 18573 | D:13     | Reached skill level 5 in Earth Magic
 18610 | D:13     | Noticed Kirke
 18630 | D:13     | Killed Kirke
 18736 | D:13     | Noticed a caustic shrike
 18737 | D:13     | Noticed an iron giant
 18737 | D:13     | a caustic shrike changed into an iron giant
 18738 | D:13     | :\
 18738 | D:13     | Noticed a caustic shrike
 18738 | D:13     | an iron giant changed into a caustic shrike
 18739 | D:13     | Noticed a fire giant
 18739 | D:13     | a caustic shrike changed into a fire giant
 18982 | D:5      | Bought 3 scrolls of enchant weapon for 315 gold pieces
 18985 | D:5      | Bought a scroll of enchant armour for 105 gold pieces
 18985 | D:5      | Bought a scroll of magic mapping for 49 gold pieces
 19131 | Orc:1    | Entered Level 1 of the Orcish Mines
 19270 | Orc:1    | Noticed Fannar
 19291 | Orc:1    | Killed Fannar
 19291 | Orc:1    | Reached skill level 1 in Armour
 19746 | Orc:2    | Entered Level 2 of the Orcish Mines
 19752 | Orc:2    | Found a staircase to the Elven Halls.
 20484 | Swamp:1  | Entered Level 1 of the Swamp
 20539 | Swamp:1  | Learned a level 3 spell: Stone Arrow
 20649 | Swamp:1  | Noticed Frances
 20671 | Swamp:1  | Killed Frances
 20671 | Swamp:1  | Reached skill level 5 in Armour
 21117 | Swamp:2  | Noticed a thorn hunter
 21162 | Swamp:2  | Killed a thorn hunter
 21864 | Swamp:2  | Noticed a thorn hunter
 22198 | Swamp:3  | Reached XP level 16. HP: 93/101 MP: 28/28
 22417 | Swamp:3  | Reached skill level 10 in Armour
 22438 | Swamp:4  | Entered Level 4 of the Swamp
 23930 | Swamp:4  | Noticed the 27-headed Lernaean hydra
 24999 | Swamp:4  | Killed the 27-headed Lernaean hydra
 25076 | Swamp:4  | Got a decaying rune of Zot
 25085 | Swamp:4  | Learned a level 1 spell: Summon Butterflies
 25127 | Swamp:4  | Got a bloodstained ring mail
 25138 | Swamp:4  | Identified the +2 ring mail "Joacoruamm" {rN+} (You found
                  | it on level 4 of the Swamp)
 25422 | Swamp:2  | Killed a thorn hunter
 25438 | Swamp:2  | Bought a scroll of fear for 133 gold pieces
 25438 | Swamp:2  | Bought a potion of heal wounds for 190 gold pieces
 25438 | Swamp:2  | Bought a scroll of blinking for 285 gold pieces
 25438 | Swamp:2  | Bought a runed cloak for 285 gold pieces
 25438 | Swamp:2  | Bought a potion of brilliance for 152 gold pieces
 25531 | Spider:1 | Entered Level 1 of the Spider Nest
 25939 | Orc:2    | Noticed a storm dragon
 25939 | Orc:2    | an orc warlord changed into a storm dragon
 25947 | Orc:2    | Killed a storm dragon
 26177 | Orc:2    | Gained mutation: Scrolls take you a little longer to read.
                  | [a neqoxec]
 26178 | Orc:2    | Gained mutation: Your magical capacity is low. (-10% MP) [a
                  | neqoxec]
 26200 | Orc:2    | Lost mutation: You have large cloven feet. [potion of
                  | mutation]
 26200 | Orc:2    | Lost mutation: Your magical capacity is low. (-10% MP)
                  | [potion of mutation]
 26200 | Orc:2    | Lost mutation: Armour fits poorly on your strangely shaped
                  | body. [potion of mutation]
 26200 | Orc:2    | Lost mutation: Scrolls take you a little longer to read.
                  | [potion of mutation]
 26200 | Orc:2    | Gained mutation: You have a pair of small horns on your
                  | head. [potion of mutation]
 26200 | Orc:2    | Gained mutation: You are covered in fur. (AC +1) [potion of
                  | mutation]
 26200 | Orc:2    | Gained mutation: You tend to lose your temper in combat.
                  | [potion of mutation]
 26200 | Orc:2    | Gained mutation: Your natural rate of healing is unusually
                  | fast. [potion of mutation]
 26420 | Orc:2    | Paralysed by an orc sorcerer for 2 turns
 26470 | Orc:2    | Found Biczapuh's General Store.
 26470 | Orc:2    | Found Ruzezxog's Book Shop.
 26476 | Orc:2    | Found Zuif Deutor's Antique Armour Boutique.
 26476 | Orc:2    | Found Soyrr's Antique Weapon Boutique.
 26725 | Orc:2    | Reached XP level 17. HP: 103/112 MP: 29/29
 26779 | Orc:2    | Found Romeseos's Book Shoppe.
 26896 | Orc:2    | Bought a book of Spatial Translocations for 715 gold pieces
 26899 | Orc:2    | Learned a level 2 spell: Blink
 26902 | Orc:2    | Learned a level 2 spell: Shroud of Golubria
 26907 | Orc:2    | Learned a level 4 spell: Passage of Golubria
 26908 | Orc:2    | Bought a potion of curing for 42 gold pieces
 27097 | D:11     | Bought a scroll of blinking for 105 gold pieces
 27097 | D:11     | Bought a scroll of magic mapping for 49 gold pieces
 27166 | D:13     | Reached skill level 1 in Translocations
 27247 | Vaults:1 | Entered Level 1 of the Vaults
 27679 | D:7      | Bought an uncursed ring of see invisible for 165 gold
                  | pieces
 27689 | D:7      | Learned a level 7 spell: Summon Hydra
 27956 | Vaults:1 | Reached skill level 5 in Translocations
 27996 | Vaults:1 | Found Zoock's Food Shop.
 28446 | Vaults:1 | Cast into level 2 of the Abyss (a wizard)
 28450 | Vaults:1 | Escaped the Abyss
 28549 | Vaults:1 | Noticed a sphinx
 28580 | Vaults:1 | Killed a sphinx
 28953 | Vaults:1 | Found Veuggaug's Weapon Shop.
 29078 | Vaults:1 | Found Taac's Antique Armour Shoppe.
 29138 | Vaults:1 | Found Wohocl Kedo's General Store.
 29140 | Vaults:1 | Found Xiliuvin's Jewellery Emporium.
 29146 | Vaults:1 | Bought a potion of mutation for 120 gold pieces
 29148 | Vaults:1 | Lost mutation: You are covered in fur. (AC +1) [potion of
                  | mutation]
 29148 | Vaults:1 | Lost mutation: You have a pair of small horns on your head.
                  | [potion of mutation]
 29148 | Vaults:1 | Lost mutation: You tend to lose your temper in combat.
                  | [potion of mutation]
 29148 | Vaults:1 | Gained mutation: You are clumsy. (Dex -2) [potion of
                  | mutation]
 29148 | Vaults:1 | Gained mutation: You occasionally shout uncontrollably at
                  | your foes. [potion of mutation]
 29148 | Vaults:1 | Gained mutation: Your movements are slightly less
                  | encumbered by armour. (ER -2) [potion of mutation]
 29248 | Vaults:1 | Reached skill level 10 in Earth Magic
 29888 | Vaults:2 | Found a staircase to the Crypt.
 29888 | Vaults:2 | Found an ancient bone altar of Kikubaaqudgha.
 29889 | Vaults:2 | Found a basalt altar of Yredelemnul.
 29912 | Vaults:2 | Reached XP level 18. HP: 104/117 MP: 26/30
 30283 | Vaults:2 | Got a translucent leather armour
 30294 | Vaults:2 | Identified the cursed +0 leather armour of Dogma {rElec MR-
                  | Int+4 SInv} (You found it on level 2 of the Vaults)
 30408 | Vaults:2 | Mangled by a two-headed ogre

Skill      XL: |  1  2  3  4  5  6  7  8  9 10 11 12 13 14 15 16 17 18 |
---------------+-------------------------------------------------------+-----
Staves         | 4 5 7 9 12 14 | 14.0
Dodging        | 5 6 7 10 | 10.6
Evocations     | 3 0 |  0.0
Fighting       | 5 6 8 11 14 | 14.5
Summonings     | 10 12 | 12.7
Air Magic      | 6 |  6.1
Spellcasting   | 8 |  8.9
Earth Magic    | 6 11 13 | 13.1
Armour         | 9 10 | 10.9
Translocations | 7 |  7.2
Throwing       | |  1.7

Action                   |  1- 3 |  4- 6 |  7- 9 | 10-12 | 13-15 | 16-18 || total
-------------------------+-------+-------+-------+-------+-------+-------++-------
Melee: Quarterstaff      |    97 |    97 |   413 |   478 |  1635 |  1223 ||  3943
       Headbutt          |       |       |       |       |       |   108 ||   108
Throw: Throwing net      |       |     6 |       |       |       |       ||     6
       Tomahawk          |       |       |     3 |     3 |       |     6 ||    12
 Cast: Summon Lightning  |       |       |       |       |    11 |    42 ||    53
       Stone Arrow       |       |       |       |       |     4 |     6 ||    10
       Lee's Rapid Decon |       |       |       |       |       |     4 ||     4
       Summon Hydra      |       |       |       |       |       |    10 ||    10
       Shroud of Golubri |       |       |       |       |       |     2 ||     2
       Blink             |       |       |       |       |       |     1 ||     1
Invok: Sacrifice Experie |       |     1 |       |       |       |       ||     1
       Draw Out Power    |       |       |       |     5 |     5 |       ||    10
       Sacrifice Drink   |       |       |       |     1 |       |       ||     1
       Sacrifice Artific |       |       |       |     1 |       |       ||     1
       Apocalypse        |       |       |       |     3 |     8 |       ||    11
       Sacrifice Purity  |       |       |       |     1 |       |       ||     1
       Potion Petition   |       |       |       |       |     2 |     1 ||     3
       Call Merchant     |       |       |       |       |     2 |       ||     2
 Abil: Evoke Invisibilit |       |       |     1 |     1 |       |       ||     2
       Fly               |       |       |       |       |     1 |       ||     1
Evoke: Wand              |       |       |     7 |       |       |       ||     7
  Use: Scroll            |     1 |       |    10 |     6 |    25 |     4 ||    46
       Potion            |       |       |     5 |       |     1 |     3 ||     9
 Stab: Held in net/web   |       |     1 |       |       |       |       ||     1
       Paralysed         |       |       |     2 |     5 |    42 |    11 ||    60
       Invisible         |       |       |     9 |     4 |     3 |       ||    16
       Distracted        |       |       |       |     2 |     8 |     9 ||    19
       Petrifying        |       |       |       |     2 |     4 |     5 ||    11
       Sleeping          |       |       |       |     1 |       |       ||     1
       Petrified         |       |       |       |     8 |     5 |     5 ||    18
       Confused          |       |       |       |       |     4 |     5 ||     9
  Eat: Chunk             |       |     2 |    16 |    11 |    10 |       ||    39
       Ration            |       |       |       |       |    10 |    12 ||    22
Armor: Leather armour    |    40 |    27 |    37 |       |       |       ||   104
       Robe              |       |     1 |    92 |   129 |   335 |   203 ||   760
       Ring mail         |       |       |       |       |   216 |   271 ||   487
Dodge: Dodged            |    70 |    62 |   184 |   220 |   800 |   626 ||  1962
Block: Other             |       |       |       |       |   111 |   196 ||   307
       Reflection        |       |       |       |       |     4 |    10 ||    14
